 Dungeon Crawl Stone Soup version 0.26-a0-541-g3b3d21e777 (webtiles) character file.

Game seed: 11796875171757231274

11057 Errates the Geomancer (level 11, -17/61 HPs)
             Began as a Gargoyle Earth Elementalist on Aug 16, 2020.
             Was a High Priest of Vehumet.
             Demolished by an orc knight
             ... wielding a +0 great mace
              (22 damage)
             ... in a bailey.
             The game lasted 00:30:22 (15491 turns).

Errates the Geomancer (GrEE)                       Turns: 15491, Time: 00:30:23

Health: -17/61     AC: 18    Str: 12    XL:     11   Next: 71%
Magic:  11/32      EV: 13    Int: 19    God:    Vehumet [*****.]
Gold:   910        SH:  0    Dex: 12    Spells: 16/27 levels left

rFire    + . .     SeeInvis .   s - +2 short sword (distort)
rCold    . . .     Faith    .   (no shield)
rNeg     + . .     Spirit   .   f - +1 steam dragon scales
rPois    ∞         Reflect  .   (no helmet)
rElec    +         Harm     .   M - +0 cloak
rCorr    .                      n - +0 pair of gloves
MR       +....                  D - +0 pair of boots
Stlth    ++........             (no amulet)
HPRegen  0.20/turn              l - ring of magical power
MPRegen  0.23/turn              o - ring of protection from fire

@: no status effects
A: agile 1, magic resistance 1, negative energy resistance 1, electricity
resistance, unbreathing, petrification resistance, rot immunity, AC +8
a: Renounce Religion


You were in a bailey.
You worshipped Vehumet.
Vehumet was extremely pleased with you.
You visited 2 branches of the dungeon, and saw 13 of its levels.
You also visited: Ossuary and Bailey.

You collected 985 gold pieces.
You spent 75 gold pieces at shops.

Inventory:

Hand Weapons
 c - a +0 morningstar
 s - a +2 short sword of distortion (weapon)
Missiles
 b - 314 stones (quivered)
 j - 5 throwing nets
Armour
 f - +1 steam dragon scales (worn)
 n - a +0 pair of gloves (worn)
 w - the +1 robe "Rias Qowk" {rPois Dex+3}
   (You found it on level 6 of the Dungeon)

   It affects your dexterity (+3).
   It protects you from poison.
 D - a +0 pair of boots (worn)
 F - a +1 robe of fire resistance
 M - a +0 cloak (worn)
Magical Staves
 q - an uncursed staff of poison {unknown}
 v - an uncursed staff of wizardry {unknown}
 G - an uncursed staff of death {unknown}
 K - an uncursed staff of earth {unknown}
Jewellery
 a - an uncursed ring of fire
 l - a ring of magical power (left hand)
 o - a ring of protection from fire (right hand)
Wands
 h - a wand of disintegration (9)
 p - a wand of iceblast (16)
 y - a wand of random effects (78)
 z - a wand of paralysis (7)
Scrolls
 d - 2 scrolls of immolation
 e - 3 scrolls of amnesia
 k - 9 scrolls of remove curse
 m - 4 scrolls of teleportation
 x - a scroll of blinking
 E - 4 scrolls of enchant weapon
 L - 3 scrolls of fog
Potions
 g - 3 potions of stabbing
 i - a potion of magic
 r - 4 potions of curing {unknown}
 t - a potion of haste
 u - 3 potions of brilliance
 A - 2 potions of resistance
 B - a potion of lignification
 C - 3 potions of mutation
 H - a potion of might
Miscellaneous
 I - a lightning rod (4/4)
 J - a phantom mirror


   Skills:
 + Level 4.2 Fighting
 + Level 3.8 Maces & Flails
 + Level 4.3 Armour
 + Level 3.7 Dodging
 - Level 2.1 Stealth
 + Level 8.8 Spellcasting
 + Level 9.7 Conjurations
 - Level 0.7 Transmutations
 + Level 11.4 Earth Magic
 + Level 3.5 Evocations


You had 16 spell levels left.
You knew the following spells:

 Your Spells              Type           Power        Failure   Level
a - Sandblast             Erth           ######       1%          1
b - Stone Arrow           Conj/Erth      #####.       1%          3
c - Lee's Rapid Deconstr  Erth           ######....   1%          5
d - Passwall              Tmut/Erth      ####....     1%          2

Your spell library contained the following spells:

 Spells                   Type           Power        Failure   Level
 Lightning Bolt           Conj/Air       ####......   9%          5
 Petrify                  Tmut/Erth      ####....     7%          4
 Animate Skeleton         Necr           #.....       9%          1
 Apportation              Tloc           #.....       9%          1
 Corona                   Hex            #......      9%          1
 Pain                     Necr           #...         9%          1
 Summon Small Mammal      Summ           #...         9%          1
 Vampiric Draining        Necr           #.........   26%         3
 Animate Dead             Necr           #.........   63%         4
 Agony                    Necr           #.......     93%         5


Dungeon Overview and Level Annotations

Branches:
Dungeon (12/15)            Temple (1/1) D:4            Lair (0/6) D:10
    Orc (0/2) D:11        Ossuary (visited)          Bailey (1/1)

Altars:
Cheibriados
Dithmenos
Elyvilon
Fedhas
Gozag
Hepliaklqana
Kikubaaqudgha
Makhleb
Nemelex Xobeh
Okawaru
Qazlal
Ru
Sif Muna
Uskayaw
Vehumet
Xom
Yredelemnul
Zin
The Shining One

Shops:
D:4 *   D:5 (   D:7 =   D:10 }   D:11 [(


Innate Abilities, Weirdness & Mutations

You are resistant to torment.
Your stone body is resilient. (AC +8)
You are immune to poison.
You resist negative energy. (rN+)
You are resistant to electric shocks. (rElec)
You can survive without breathing.
You are immune to petrification.
You are immune to rotting.
You are agile. (Dex +2)
You are resistant to hostile enchantments. (MR+)


Message History

The wall shatters!
The blast of rock fragments hits the orc knight!
The orc knight is almost dead.
The blast of rock fragments hits the hobgoblin!!
You kill the hobgoblin!
Vehumet accepts your kill.
You feel your power returning.
The orc knight hits you with a +0 great mace!
* * * LOW HITPOINT WARNING * * *
Unknown command.
Casting: Lee's Rapid Deconstruction (dangerous; 1% risk of failure)
Confirm with . or Enter, or press ? or * to list all spells.
Aiming: Lee's Rapid Deconstruction (dangerous; 1% risk of failure)
Press: ? - help, Dir - move target cursor A stone wall.
The wall shatters!
The blast of rock fragments hits the orc knight.
The orc knight is almost dead.
The orc knight hits you with a +0 great mace!!
You die...

##### ### ###
#@'.###.###.#
#o###'##'##'##
((# ##.....##
.().
###.....###
'..⌠(
#.'..⌠..'.#
#....
###.....###
#... .#
#...()## '##'
#'# #'##'##'##
#g#.# #.###.#


You could see an orc knight.

Vanquished Creatures
  Harold (D:7)
  3 death yaks (D:10)
  An ugly thing (D:12)
  A cyclops (D:11)
  Maggie (D:8)
  A hornet (D:10)
  A troll (D:10)
  Prince Ribbit (D:5)
  A vampire (D:11)
  A wraith (D:10)
  5 yaks (D:10)
  A vampire mosquito (D:12)
  2 water moccasins
  A sky beast (D:8)
  5 orc warriors
  2 black bears
  2 ice beasts (D:9)
  3 phantoms (D:5)
  An ogre (D:11)
  4 centaurs
  A big kobold (D:7)
  3 bullfrogs
  4 elf zombies (Ossuary)
  3 scorpions
  5 killer bees (D:8)
  A vampire bat (D:5)
  6 wights
  3 howler monkeys (D:4)
  2 electric eels (D:9)
  A bullfrog zombie (D:7)
  A quasit (D:9)
  4 jellies
  4 hounds
  A human zombie (Ossuary)
  2 iguanas
  3 orc priests
  6 orc wizards
  2 bullfrog skeletons
  5 worker ants
  A hound zombie (Ossuary)
  3 mummies (Ossuary)
  A hound skeleton (D:7)
  4 worker ant zombies
  14 gnolls
  14 adders
  2 shadow imps
  A white imp (D:9)
  An ufetubus (D:8)
  An ooze (D:2)
  An adder skeleton (D:8)
  4 adder zombies
  4 worms
  3 dart slugs
  12 leopard geckos
  34 orcs
  15 bats
  8 giant cockroaches
  12 goblins
  22 hobgoblins
  9 jackals
  16 kobolds
  3 quokkas
  7 frilled lizards
  4 goblin zombies (Ossuary)
  A hobgoblin zombie (Ossuary)
  A jackal skeleton (D:8)
  3 jackal zombies (Ossuary)
  6 kobold zombies (Ossuary)
  A leopard gecko zombie (D:9)
  An orc zombie (Ossuary)
  3 quokka zombies (Ossuary)
  2 rats
  4 rat zombies (Ossuary)
313 creatures vanquished.

Vanquished Creatures (collateral kills)
  2 wights (D:6)
  An orc (D:6)
3 creatures vanquished.

Vanquished Creatures (others)
  A vampire mosquito (D:12)
  An orc warrior (D:11)
  A sky beast (D:7)
  A necrophage (D:9)
  2 ogres
  A centaur (D:10)
  An elf zombie (Ossuary)
  A bullfrog (D:12)
  4 wights
  A centaur zombie (Ossuary)
  A bullfrog skeleton (D:6)
  2 worker ants (D:8)
  A big kobold zombie (Ossuary)
  2 gnolls (D:5)
  A white imp (D:10)
  An adder skeleton (D:7)
  2 orcs
  2 jackals (D:4)
  A hobgoblin zombie (Ossuary)
  A jackal zombie (Ossuary)
  A leopard gecko skeleton (D:5)
  A rat zombie (Ossuary)
30 creatures vanquished.

Grand Total: 346 creatures vanquished

Notes
Turn   | Place    | Note
-------+----------+-------------------------------------------
     0 | D:1      | Errates the Gargoyle Earth Elementalist began the quest for
                  | the Orb.
     0 | D:1      | Reached XP level 1. HP: 10/10 MP: 3/3
   230 | D:1      | Reached skill level 4 in Earth Magic
   230 | D:1      | Reached XP level 2. HP: 15/15 MP: 3/5
   852 | D:1      | Reached XP level 3. HP: 17/19 MP: 6/6
   857 | D:1      | Learned a level 3 spell: Stone Arrow
  1653 | D:2      | Reached skill level 1 in Conjurations
  1867 | D:2      | Reached XP level 4. HP: 12/24 MP: 2/8
  2890 | D:2      | Reached skill level 5 in Earth Magic
  3004 | D:2      | You fall into a shaft and drop 1 floor!
  3148 | D:3      | Reached XP level 5. HP: 28/28 MP: 9/9
  3169 | D:3      | Found a snail-covered altar of Cheibriados.
  3616 | D:3      | Found an opulent altar of Gozag.
  3728 | D:3      | Found a hide-covered altar of Uskayaw.
  3728 | D:3      | Found a glowing golden altar of the Shining One.
  4395 | D:3      | Found a burning altar of Makhleb.
  4872 | D:4      | Reached XP level 6. HP: 26/32 MP: 11/11
  5070 | D:4      | Found Rahanuuh's Assorted Antiques.
  5078 | D:4      | Bought a purple potion for 25 gold pieces
  5078 | D:4      | Bought 2 lumpy purple potions for 50 gold pieces
  5240 | D:4      | Reached skill level 6 in Earth Magic
  5367 | D:4      | Found a staircase to the Ecumenical Temple.
  5382 | Temple   | Entered the Ecumenical Temple
  5572 | Temple   | Became a worshipper of Vehumet
  5633 | D:4      | You fall into a shaft and drop 2 floors!
  5638 | D:6      | Reached XP level 7. HP: 32/36 MP: 13/13
  5704 | D:6      | Got a fine robe
  5715 | D:6      | Identified the +1 robe "Rias Qowk" {rPois Dex+3} (You found
                  | it on level 6 of the Dungeon)
  5768 | D:6      | Reached skill level 5 in Spellcasting
  5768 | D:6      | Reached skill level 7 in Earth Magic
  5812 | D:5      | Entered Level 5 of the Dungeon
  5826 | D:5      | Reached skill level 5 in Conjurations
  5826 | D:5      | Reached XP level 8. HP: 11/41 MP: 15/15
  5837 | D:5      | Gained mutation: You are resistant to hostile enchantments.
                  | (MR+) [potion of mutation]
  5837 | D:5      | Gained mutation: You are agile. (Dex +2) [potion of
                  | mutation]
  5905 | D:5      | Noticed Prince Ribbit
  5909 | D:5      | Killed Prince Ribbit
  5963 | D:5      | Reached * piety under Vehumet
  5963 | D:5      | Offered knowledge of Foxfire by Vehumet.
  5963 | D:5      | Reached skill level 8 in Earth Magic
  6013 | D:5      | Found a shadowy altar of Dithmenos.
  6068 | D:5      | Found Yheb's Antique Weapon Boutique.
  6122 | D:5      | Found a sand-covered staircase.
  6126 | Ossuary  | Entered an ossuary
  6552 | Ossuary  | Reached ** piety under Vehumet
  6552 | Ossuary  | Offered knowledge of Magic Dart by Vehumet.
  6585 | Ossuary  | Reached XP level 9. HP: 27/45 MP: 18/18
  7804 | D:5      | Reached skill level 9 in Earth Magic
  8899 | D:7      | Noticed Harold
  8934 | D:7      | Killed Harold
  8935 | D:7      | Reached skill level 10 in Earth Magic
  8936 | D:7      | Offered knowledge of Frozen Ramparts by Vehumet.
  9626 | D:7      | Found a hazy altar of Hepliaklqana.
  9765 | D:7      | Reached XP level 10. HP: 50/50 MP: 21/21
  9766 | D:7      | Reached *** piety under Vehumet
  9825 | D:7      | Learned a level 2 spell: Passwall
  9831 | D:7      | Learned a level 5 spell: Lee's Rapid Deconstruction
 10154 | D:7      | Found Vellaan's Jewellery Boutique.
 10770 | D:8      | Offered knowledge of Dazzling Flash by Vehumet.
 10784 | D:8      | Noticed Maggie
 10793 | D:8      | Killed Maggie
 10793 | D:8      | Reached skill level 1 in Fighting
 10793 | D:8      | Reached skill level 1 in Maces & Flails
 10793 | D:8      | Reached skill level 1 in Armour
 10793 | D:8      | Reached skill level 1 in Evocations
 11088 | D:8      | Found an ancient bone altar of Kikubaaqudgha.
 11090 | D:8      | Found a shimmering altar of Xom.
 12498 | D:10     | Entered Level 10 of the Dungeon
 12500 | D:10     | Found a staircase to the Lair.
 12501 | D:10     | Noticed a death yak
 12501 | D:10     | Noticed a death yak
 12508 | D:10     | Noticed a death yak
 12510 | D:10     | Killed a death yak
 12781 | D:10     | Reached XP level 11. HP: 50/59 MP: 23/23
 12858 | D:10     | Reached skill level 11 in Earth Magic
 12874 | D:10     | Reached **** piety under Vehumet
 13155 | D:10     | Offered knowledge of Lightning Bolt by Vehumet.
 13156 | D:10     | Killed a death yak
 13157 | D:10     | Killed a death yak
 13342 | D:10     | Found Dawkeotu's Gadget Emporium.
 13933 | D:11     | Found Witoaliale's Armour Shop.
 14105 | D:11     | Noticed a cyclops
 14127 | D:11     | Killed a cyclops
 14686 | D:11     | Found a staircase to the Orcish Mines.
 14866 | D:11     | Found Kaenwaon's Weapon Shoppe.
 15089 | D:12     | Noticed a red ugly thing
 15097 | D:12     | Killed a red ugly thing
 15137 | D:12     | Found a flagged portal.
 15141 | Bailey   | Entered a bailey
 15397 | Bailey   | Reached ***** piety under Vehumet
 15482 | Bailey   | Noticed an orc knight
 15491 | Bailey   | Demolished by an orc knight

Illustrated notes

Levels and vault maps discovered:
D:1:      doesnt_arrival_eight_statues, layout_rooms, supply_closet_lemuel,
          kennysheep_doodads
D:2:      layout_loops_corners, minmay_misc_feat_roman, minmay_cupped
D:3:      layout_loops_corners, lemuel_doored_altar, kennysheep_slug_shrine,
          gammafunk_temple_overflow_wave, nicolae_gozag_seed_capital
D:4:      layout_layer_cave, minmay_temple_entry_glass, serial_shops,
          shop_fountains
D:5:      layout_basic, nicolae_overflow_crystal_walls, serial_shops, shop,
          enter_ossuary_5, roderic_batcave, uniq_prince_ribbit1
D:6:      layout_rooms, hangedman_decor_riveting, dk_rats_in_the_wall
D:7:      layout_cave_pods, marbit_many_paths, serial_shops, shop,
          due_unseen_surprise, uniq_harold
D:8:      layout_loops_cross, nicolae_overflow_hidden_temple, uniq_maggie
D:9:      minmay_weird_star, layout_basic, kennysheep_boxes
D:10:     layout_rooms, dpeg_lair_monsters, serial_shops, shop
D:11:     layout_stronghold, orc_david_3, serial_shops, shop_coins
D:12:     layout_small_grid, enter_bailey_3
Temple:   minmay_temple_curvy_branch
Bailey:   bailey_axe_2, bailey

Skill      XL: |  1  2  3  4  5  6  7  8  9 10 11 |
---------------+----------------------------------+-----
Earth Magic    | 4 5 6 7 8 10 11 | 11.4
Conjurations   | 1 2 4 5 6 8 9 |  9.7
Spellcasting   | 3 4 5 6 7 8 |  8.8
Fighting       | 2 4 |  4.2
Maces & Flails | 2 3 |  3.8
Armour         | 2 4 |  4.3
Dodging        | 2 3 |  3.7
Evocations     | 2 3 |  3.5
Stealth        | |  2.1
Transmutations | |  0.7

Action                   |  1- 3 |  4- 6 |  7- 9 | 10-12 || total
-------------------------+-------+-------+-------+-------++-------
Melee: Club              |    86 |       |       |       ||    86
       Mace              |    54 |   197 |       |       ||   251
       Short sword       |       |    39 |   289 |   322 ||   650
 Cast: Sandblast         |    14 |    23 |    39 |     4 ||    80
       Stone Arrow       |     1 |     1 |     6 |     8 ||    16
       Lee's Rapid Decon |       |       |       |    51 ||    51
       Passwall          |       |       |       |     8 ||     8
Evoke: Wand              |       |       |     7 |     3 ||    10
  Use: Scroll            |     5 |       |     6 |     5 ||    16
       Potion            |       |       |    10 |     2 ||    12
 Stab: Sleeping          |     3 |     4 |     7 |     5 ||    19
       Distracted        |       |       |       |     1 ||     1
Armor: Robe              |    55 |    89 |   122 |    29 ||   295
       Steam dragon scal |       |       |       |   141 ||   141
Dodge: Dodged            |   114 |   198 |   207 |   227 ||   746

Table legend: (Time is in decaauts)
 A = Elapsed time spent in this place.
 B = Non-inter-level travel time spent in this place.
 C = Inter-level travel time spent in this place.
 D = Time resting spent in this place.
 E = Time spent auto-exploring this place.
 F = Levels seen in this place.
 G = Mean time per level.
                   A        B        C        D        E       F      G
               +--------+--------+--------+--------+--------+-----+--------+
         Total |  15645 |  15180 |    465 |   2041 |   9824 |  15 | 1043.0 |
       Dungeon |  14351 |  13908 |    443 |   1762 |   9258 |  12 | 1195.9 |
        Temple |    212 |    190 |     22 |      0 |    183 |   1 |  212.0 |
       Ossuary |    728 |    728 |      0 |    205 |    192 |   1 |  728.0 |
        Bailey |    351 |    351 |      0 |     74 |    191 |   1 |  351.0 |
               +--------+--------+--------+--------+--------+-----+--------+

Top non-repeatable levels by time:
    D:11: 1678 daAuts
     D:1: 1600 daAuts
     D:2: 1518 daAuts
     D:4: 1503 daAuts
     D:3: 1475 daAuts
     D:9: 1244 daAuts
     D:5: 1236 daAuts
     D:7: 1235 daAuts
     D:6: 1061 daAuts
     D:8: 866 daAuts
    D:10: 846 daAuts
 Ossuary: 728 daAuts
  Bailey: 351 daAuts
  Temple: 212 daAuts
    D:12: 85 daAuts
